 Dungeon Crawl Stone Soup version 0.28-a0-1236-gb25a51b929 (webtiles) character file.

Game seed: 6056312772445319658

59 browni3141 the Cutter (level 4, -1/26 HPs)
             Began as a Kobold Warper on Dec 25, 2021.
             Slain by an orc wizard (4 damage)
             ... on level 3 of the Dungeon.
             The game lasted 00:03:47 (2215 turns).

browni3141 the Cutter (Kobold Warper)               Turns: 2215, Time: 00:03:48

Health: -1/26      AC:  3    Str:  8    XL:     4   Next: 22%
Magic:  7/7        EV: 14    Int: 14    God:
Gold:   74         SH:  0    Dex: 16    Spells: 5/7 levels left

rFire   . . .      SeeInvis .   a - +0 short sword
rCold   . . .      Faith    .   (shield restricted)
rNeg    . . .      Spirit   .   b - +0 leather armour
rPois   .          Reflect  .   (no helmet)
rElec   .          Harm     .   (no cloak)
rCorr   .          Rampage  .   (no gloves)
Will    .....                   (no boots)
Stlth   +++.......              (no amulet)
HPRegen 0.08/turn               (no ring)
MPRegen 0.10/turn               (no ring)

@: no status effects
A: small, no large weapons, nightstalker 3
a: no special abilities


You were on level 3 of the Dungeon.
You visited 1 branch of the dungeon, and saw 3 of its levels.

You collected 74 gold pieces.

Inventory:

Hand Weapons
 a - a +0 short sword (weapon)
Missiles
 d - 2 boomerangs of dispersal (quivered)
 h - 2 atropa-tipped darts
Armour
 b - a +0 leather armour (worn)
Jewellery
 i - an amulet of regeneration
Scrolls
 c - a scroll of blinking
 f - a scroll of fear
 g - a scroll of teleportation
 j - a scroll of enchant armour
 k - a scroll of noise
 l - a scroll of immolation


   Skills:
 - Level 2.1 Fighting
 * Level 3.9 Short Blades
 - Level 1.1 Throwing
 - Level 0.7 Armour
 - Level 2.6 Dodging
 * Level 2.9 Stealth
 - Level 2.1 Spellcasting
 * Level 3.4 Translocations


You had 5 spell levels left.
You knew the following spells:

 Your Spells              Type           Power      Damage    Failure   Level
a - Blink                 Tloc           22%        N/A       12%         2

Your spell library contained the following spells:

 Spells                   Type           Power      Damage    Failure   Level
 Gell's Gravitas          Tloc           11%        N/A       24%         3
 Lesser Beckoning         Tloc           11%        N/A       24%         3
 Teleport Other           Tloc           11%        N/A       24%         3
 Manifold Assault         Tloc           11%        N/A       91%         5


Dungeon Overview and Level Annotations

Branches:
Dungeon (3/15)

Altars:
Ru


Innate Abilities, Weirdness & Mutations

You are small and have problems with some larger weapons.
You are completely attuned to the shadows.


Message History

The orc wizard points at you and mumbles some strange words.
You are confused.
You bump into the rock wall.
The orc wizard hits you with a +0 dagger.
You bump into the rock wall.
The orc wizard gestures at you while chanting.
The magic dart hits you.
You're too confused to move!
The orc wizard hits you with a +0 dagger.
* * * LOW HITPOINT WARNING * * *
You bump into the rock wall.
The orc wizard barely misses you.
You miss the orc wizard.
The orc wizard is heavily wounded.
The orc wizard hits you with a +0 dagger.
* * * LOW HITPOINT WARNING * * *
You hit the orc wizard.
The orc wizard is severely wounded.
You feel less confused. The orc wizard barely misses you.
Throw: 5 boomerangs (disperse)
Press: ? - help, Q - select action, (/) - cycle Shift-Dir - straight line, f - orc wizard
Aim: an orc wizard, wielding a +0 dagger and wearing a +0 robe (severely wounded, 53% to hit)
You throw a boomerang of dispersal.
The boomerang of dispersal closely misses the orc wizard.
The orc wizard hits you with a +0 dagger.
* * * LOW HITPOINT WARNING * * *
Throw: 4 boomerangs (disperse)
Press: ? - help, Q - select action, (/) - cycle Shift-Dir - straight line, f/p - orc wizard
Aim: an orc wizard, wielding a +0 dagger and wearing a +0 robe (severely wounded, 53% to hit)
You throw a boomerang of dispersal.
The boomerang of dispersal hits the orc wizard but does no damage.
The orc wizard is severely wounded.
The orc wizard gestures wildly while chanting.
The orc wizard flickers and vanishes!
Deactivating autopickup; reactivate with Ctrl-A.
Throw: 3 boomerangs (disperse)
Press: ? - help, Q - select action, (/) - cycle Shift-Dir - straight line You throw a boomerang of dispersal.
Something hits you.
You die...

#. ###.#
###### ....
.....#
###.######.#
#.....).@{.#
#.#.######.#
#.# ####.#
#o# #....#
#.###.##.#
#...o.o..#
#####.#..#
#.#..# #.#
o#


There were no monsters in sight!

Vanquished Creatures
  An orc wizard (D:3)
  A worm (D:1)
  A dart slug (D:1)
  2 orcs (D:3)
  7 bats
  2 endoplasms
  2 goblins (D:2)
  2 hobgoblins (D:1)
  3 jackals (D:2)
  3 frilled lizards (D:2)
  A kobold (D:2)
  2 rats (D:2)
27 creatures vanquished.

Notes
Turn   | Place    | Note
-------+----------+-------------------------------------------
     0 | D:1      | browni3141 the Kobold Warper began the quest for the Orb.
     0 | D:1      | Reached XP level 1. HP: 12/12 MP: 3/3
   205 | D:1      | Reached skill level 1 in Stealth
   421 | D:1      | Reached XP level 2. HP: 12/17 MP: 5/5
   537 | D:1      | Learned a level 2 spell: Blink
  1514 | D:2      | Reached XP level 3. HP: 21/21 MP: 6/6
  1579 | D:2      | Found a sacrificial altar of Ru.
  1964 | D:3      | Reached XP level 4. HP: 9/26 MP: 7/7
  2215 | D:3      | Slain by an orc wizard

Illustrated notes

Levels and vault maps discovered:
D:1:      sevenhm_arrival_forest_fort_large_4, layout_loops_ring
D:2:      layout_basic, basic_altar
D:3:      layout_loops_ring, mainiacjoe_overflow_paths,
          mainiacjoe_overflow_six_doors_small,
          hellmonk_ecumenical_altar_defaced_shrine

Skill      XL: |  1  2 |
---------------+-------+-----
Short Blades   | 3 |  3.9
Stealth        | 1 2 |  2.9
Fighting       | |  2.1
Throwing       | |  1.1
Armour         | |  0.7
Dodging        | |  2.6
Spellcasting   | |  2.1
Translocations | |  3.4

Action                   |  1- 3 |  4- 6 || total
-------------------------+-------+-------++-------
Melee: Short sword       |   132 |     8 ||   140
Throw: Boomerang         |       |     3 ||     3
  Use: Scroll            |     5 |       ||     5
       Potion            |     1 |       ||     1
 Stab: Sleeping          |     6 |       ||     6
       Distracted        |       |     1 ||     1
Armor: Leather armour    |    39 |     2 ||    41
Dodge: Dodged            |   101 |     3 ||   104

Table legend: (Time is in decaauts)
 A = Elapsed time spent in this place.
 B = Non-inter-level travel time spent in this place.
 C = Inter-level travel time spent in this place.
 D = Time resting spent in this place.
 E = Time spent auto-exploring this place.
 F = Levels seen in this place.
 G = Mean time per level.
                   A        B        C        D        E       F      G
               +--------+--------+--------+--------+--------+-----+--------+
         Total |   2214 |   2115 |     99 |    297 |   1445 |   3 |  738.0 |
       Dungeon |   2214 |   2115 |     99 |    297 |   1445 |   3 |  738.0 |
               +--------+--------+--------+--------+--------+-----+--------+

Top non-repeatable levels by time:
     D:1: 1191 daAuts
     D:2: 929 daAuts
     D:3: 93 daAuts
